AoeStats
← Smoke-Da-Politz

Hideout

509398836Analyzed
1v1 RM · 5d ago on Sep 26, 2026· 23m 12s· 2 players
Game mode
Random Map
Map size
Tiny (2 player)
Population
200
Speed
Normal
Resources
Standard
Victory
Conquest
Starting age
Dark Age
Ending age
Imperial Age
RankedLock teamsTeams togetherTeam positionsShared explorationLock speedFull tech treeHidden civsTurbo modeCheats
Victory
Defeat
🇧🇷 Varangians · Brazil
990
+17
🇫🇷 Tupi · France
1013
-17
CTibas
8:49 Loom
11:00 Feudal Age
13:00 Bloodlines
13:30 Forging
17:07 Fletching
21:39 Scale Barding Armor
Smoke-Da-Politz
7:02 Loom
9:24 Feudal Age
12:05 Forging
12:19 Arson
12:30 Champi Runner
16:51 Double-Bit Axe
16:55 Horse Collar
20:44 Champi Runner
21:50 Scale Mail Armor
Connection lost

Rejoining the realm…

Still unreachable

The connection could not be restored.

Session expired

The server has moved on; the page needs a fresh start.